Map: Automaton LE

Players

BitByBit - Winner!

  • Race: Terran Terran
  • Spawn Location: 3:00

A.I. 1 (Elite)

  • Race: Protoss Protoss
  • Spawn Location: 9:00

VOD

Have the link to the VOD?

Description

Time

  • Played on: Dec. 31, 2018, 8:58 a.m.
  • Length: 9:35
Show
View Real Time Build Order
Export as new Build Order

BitByBit Terran - Winner!

Build Orders: Reaper Expand 

Get SALT Encoding   

  12  0:02  SCV  
  13  0:15  SCV  
  13  0:19  Supply Depot  
  14  0:27  SCV  
  15  0:40  SCV  
  16  0:43  Barracks  
  16  0:48  Refinery  
  16  0:52  SCV  
  17  1:05  SCV  
  18  1:17  SCV  
  19  1:29  Orbital Command  
  19  1:33  Reaper  
  20  1:48  Command Center  
  20  1:55  SCV  
  21  2:04  Supply Depot  
  21  2:07  SCV  
  22  2:15  Factory  
  22  2:19  SCV  
  22  2:21  Refinery  
  23  2:31  Barracks Reactor, SCV  
  24  2:43  SCV  
  25  2:55  SCV  
  26  2:59  Orbital Command  
  26  3:03  Starport  
  26  3:05  Hellion  
  28  3:07  SCV  
  28  3:10  Marine x2  
  31  3:19  SCV  
  32  3:27  Widow Mine  
  32  3:29  Marine x2  
  32  3:32  SCV x2  
  38  3:36  Supply Depot  
  38  3:42  Medivac  
  38  3:44  SCV x2  
  38  3:46  Marine  
  38  3:47  Marine  
  44  3:50  Supply Depot  
  44  4:00  SCV  
  44  4:01  SCV  
  46  4:02  Factory Tech Lab  
  46  4:04  Marine x2  
  48  4:13  SCV x2  
  48  4:15  Starport Tech Lab  
  50  4:25  Marine x2  
  52  4:33  Siege Tank  
  52  4:35  Barracks x2, Raven  
  57  4:41  Refinery, SCV  
  57  4:43  Marine x2  
  57  4:44  Supply Depot  
  60  4:46  Supply Depot  
  60  4:56  SCV x2  
  62  5:00  Engineering Bay  
  62  5:06  Marine x2, Siege Tank  
  67  5:08  SCV  
  62  5:22  Medivac  
  62  5:23  Barracks Tech Lab x2  
  62  5:24  Marine x2  
  66  5:32  SCV  
  66  5:34  Refinery, SCV  
  68  5:37  Supply Depot  
  68  5:41  Marine  
  68  5:42  Marine x2  
  74  5:44  SCV  
  74  5:46  SCV  
  74  5:47  Stimpack  
  74  5:48  Combat Shield  
  73  5:57  Supply Depot, SCV  
  74  5:58  SCV, Terran Infantry Weapons Level 1  
  74  6:00  Marine  
  74  6:01  Marine x3  
  79  6:12  SCV x2  
  79  6:15  Siege Tank  
  84  6:18  Marine x2  
  84  6:19  Marine x2  
  84  6:23  Command Center  
  88  6:26  Medivac  
  90  6:36  Marine, Supply Depot  
  90  6:37  Supply Depot, SCV x2  
  93  6:40  Marine  
  94  6:58  Marine x2, Factory Reactor, SCV x2  
  98  7:07  Barracks x2  
  98  7:09  Starport Reactor  
  98  7:10  SCV  
  99  7:16  SCV  
  99  7:22  Supply Depot, SCV  
  101  7:23  Supply Depot  
  101  7:27  Concussive Shells  
  101  7:28  SCV  
  101  7:29  Marine x2, Marauder x2  
  108  7:34  SCV  
  108  7:36  Orbital Command  
  109  7:47  Marine  
  110  7:53  Marine, Marauder x2  
  115  8:03  Marauder x2  
  115  8:04  Marine, Medivac x2  
  119  8:14  Marauder, Orbital Command  
  119  8:15  Marauder  
  119  8:17  SCV x2  
  122  8:21  Marine  
  122  8:22  Marine  
  122  8:24  Marauder  
  122  8:25  Marauder  
  128  8:34  Medivac x2  
  128  8:36  Marauder x2  
  136  8:42  Marine x2  
  136  8:46  Marauder  
  140  8:49  Armory  
  140  8:53  Engineering Bay  
  140  8:56  Supply Depot  
  140  9:00  Marine  
  141  9:04  Supply Depot x2  
  141  9:06  Supply Depot  
  141  9:18  SCV x3  
Show
View Real Time Build Order
Export as new Build Order

A.I. 1 (Elite) Protoss 

Build Orders: Mass Adepts, Zealot Archon 

Get SALT Encoding   

  12  0:00  Probe  
  13  0:13  Probe  
  14  0:21  Pylon  
  14  0:25  Probe  
  15  0:35  Probe  
  16  0:43  Probe  
  16  0:49  Assimilator  
  17  0:52  Probe, Gateway  
  18  1:00  Probe  
  18  1:01  Pylon  
  19  1:08  Probe  
  20  1:19  Probe  
  21  1:39  Gateway  
  21  1:40  Probe  
  21  1:41  Zealot  
  21  1:42  Cybernetics Core  
  24  1:50  Pylon  
  24  1:51  Probe  
  25  1:59  Probe  
  25  2:07  Probe  
  25  2:08  Zealot  
  28  2:17  Warp Gate  
  28  2:18  Probe  
  29  2:26  Adept  
  31  2:35  Adept, Gateway  
  33  2:44  Gateway  
  33  2:46  Stalker  
  33  2:55  Probe  
  35  3:02  Stalker  
  37  3:07  Pylon  
  37  3:08  Probe  
  38  3:14  Assimilator  
  38  3:20  Probe  
  38  3:25  Adept  
  41  3:28  Adept  
  43  3:34  Stalker  
  45  3:41  Stalker  
  47  3:51  Pylon  
  47  4:09  Adept x3  
  53  4:11  Adept  
  55  4:20  Pylon  
  55  4:43  Zealot  
  55  4:44  Adept x2  
  61  4:45  Zealot  
  61  4:47  Pylon  
  63  4:59  Robotics Facility  
  63  5:05  Adept, Probe  
  65  5:13  Probe  
  61  5:22  Probe  
  62  5:34  Probe  
  63  5:44  Forge  
  63  5:46  Probe  
  63  5:47  Twilight Council  
  63  5:49  Observer  
  65  5:58  Probe  
  66  6:21  Photon Cannon  
  66  6:25  Pylon  
  66  6:28  Templar Archives  
  66  6:52  Sentry  
  68  6:56  Pylon  
  68  6:58  Nexus  
  68  7:05  Stalker  
  68  7:07  High Templar x2  
  74  7:12  Stalker  
  76  7:21  Archon  
  76  7:27  Stalker  
  78  7:38  Pylon  
  78  7:48  High Templar  
  80  8:02  Zealot x2  
  84  8:08  Pylon  
  84  8:11  Probe  
  54  8:17  Zealot  
  54  8:18  High Templar  
  28  8:35  Zealot  
  26  8:46  Pylon  
  25  8:49  Pylon  
  25  8:55  High Templar  
  25  9:14  Zealot  
Tags
 
Add a new tag
Caveats
  • Supply blocks, unpowered buildings, or Contaminate may cause inaccurate times.
  • Supply counts are checked every 10 seconds.